 Dungeon Crawl Stone Soup version 0.24.0-123-gd5b16e6ec5 (webtiles) character file.

Game seed: 3579877417451230086, levelgen mode: deterministic

487702 Johnny the Metallomancer (level 22, -10/206 HPs)
             Began as a Demigod Earth Elementalist on Feb 8, 2020.
             Mangled by a jiangshi (15 damage)
             ... on level 2 of the Crypt.
             The game lasted 02:33:24 (64946 turns).

Johnny the Metallomancer (DgEE)                    Turns: 64946, Time: 02:33:24

Health: -10/206    AC: 12    Str: 11    XL:     22   Next: 49%
Magic:  11/61      EV: 12    Int: 47    God:
Gold:   2803       SH: 13    Dex: 17    Spells: 25/60 levels left

rFire    . . .     SeeInvis .   Q - staff of earth
rCold    . . .     Gourm    .   j - -1 shield of Siqiopt {Int+4}
rNeg     + + .     Faith    .   F - +2 robe {Archmagi}
rPois    .         Spirit   .   m - +2 helmet {Int+3}
rElec    +         Reflect  .   O - +0 cloak of Faonoghesy {+Fly rN++ rCorr Dex-3}
rCorr    +         Harm     .   U - +2 pair of gloves of Yrphy {Dex+4}
MR       ++...                  T - +0 pair of boots "Seatz" {Stlth+}
Stlth    +++.......             e - amulet of Xeuxeul {rElec Regen+}
HPRegen  0.84/turn              z - ring "Zaneojaf" {MP+9 Int+2}
MPRegen  0.37/turn              h - +5 ring of intelligence

@: slowed, very slow
A: high mp 1
}: 3/15 runes: barnacled, silver, gossamer
a: Evoke Flight


You were on level 2 of the Crypt.
You were not hungry.

You visited 8 branches of the dungeon, and saw 41 of its levels.
You also visited: Bailey, Gauntlet and Ice Cave.

You collected 5471 gold pieces.
You spent 2668 gold pieces at shops.

Inventory:

Missiles
 v - 640 stones (quivered)
 V - 11 throwing nets
Armour
 j - the -1 shield of Siqiopt (worn) {Int+4}
   (You took it off Asterion on level 1 of the Elven Halls)

   It affects your intelligence (+4).
 m - a +2 helmet of intelligence (worn)
 x - a scarf of cloud immunity
 F - a +2 robe of the Archmagi (worn)
 O - the +0 cloak of Faonoghesy (worn) {+Fly rN++ rCorr Dex-3}
   (You found it on level 5 of the Vaults)

   It affects your dexterity (-3).
   It greatly protects you from negative energy.
   It lets you fly.
   It provides partial protection from all sources of acid and corrosion.
 T - the +0 pair of boots "Seatz" (worn) {Stlth+}
   (You found it in a Gauntlet)

   It makes you more stealthy.
 U - the +2 pair of gloves of Yrphy (worn) {Dex+4}
   (You found it in a Gauntlet)

   It affects your dexterity (+4).
 Z - a +4 troll leather armour {Snorg}
Magical Staves
 K - an uncursed staff of energy
 Q - an uncursed staff of earth (weapon)
 R - an uncursed staff of power
 S - an uncursed staff of wizardry
Jewellery
 e - the amulet of Xeuxeul (around neck) {rElec Regen+}
   (You found it on level 1 of the Elven Halls)

   [amulet of regeneration]

   It insulates you from electricity.
   It increases your rate of regeneration.
 h - a +5 ring of intelligence (right hand)
 k - an uncursed ring of wizardry
 z - the ring "Zaneojaf" (left hand) {MP+9 Int+2}
   (You found it on level 2 of the Spider Nest)

   [ring of magical power]

   It affects your intelligence (+2).
   It affects your magic capacity (+9).
 D - an uncursed amulet of rage
 L - the amulet "Nyesia" {Reflect rC++ SH+2 Stlth+}
   (You found it on level 2 of the Spider Nest)

   [amulet of reflection]

   It shields you and reflects attacks.
   It greatly protects you from cold.
   It affects your SH (+2).
   It makes you more stealthy.
 X - the amulet "Luaddec" {Faith rPois MP+9 Dex+3}
   (You found it on level 2 of the Spider Nest)

   [amulet of faith]

   It allows you to gain divine favour quickly.
   It affects your dexterity (+3).
   It protects you from poison.
   It affects your magic capacity (+9).
 Y - the ring of Xucwemad {Fire rN+ Int+4 Stlth+}
   (You took it off a deep elf mage on level 3 of the Elven Halls)

   [ring of fire]

   It enhances your fire magic.
   It affects your intelligence (+4).
   It protects you from fire.
   It makes you vulnerable to cold.
   It protects you from negative energy.
   It makes you more stealthy.
Wands
 C - a wand of digging (2)
 E - a wand of disintegration (16)
 G - a wand of iceblast (6)
Scrolls
 g - 7 scrolls of immolation
 i - 9 scrolls of teleportation
 l - 4 scrolls of enchant armour
 p - 18 scrolls of remove curse
 r - 3 scrolls of fog
 s - a scroll of fear
 H - 3 scrolls of identify
 I - a scroll of holy word
 J - 4 scrolls of vulnerability
 N - a scroll of magic mapping
Potions
 a - 9 potions of flight
 b - 7 potions of brilliance
 c - 11 potions of mutation
 n - 2 potions of curing
 q - 3 potions of haste
 u - 6 potions of agility
 A - 3 potions of might
 M - 10 potions of lignification
 P - 5 potions of berserk rage
Miscellaneous
 o - a phial of floods
 t - 2 boxes of beasts
 w - 4 sacks of spiders
 B - a lightning rod (4/4)
Comestibles
 d - 36 rations


   Skills:
 - Level 19.5 Fighting
 - Level 1.7 Dodging
 - Level 1.7 Stealth
 - Level 16.0 Shields
 + Level 19.5 Spellcasting
 - Level 0.8 Transmutations
 + Level 21.0 Earth Magic


You had 25 spell levels left.
You knew the following spells:

 Your Spells              Type           Power        Failure   Level  Hunger
a - Sandblast             Erth           ######       0%          1    None
b - Stone Arrow           Conj/Erth      ######       0%          3    None
c - Lee's Rapid Deconstr  Erth           #########.   0%          5    None
d - Petrify               Tmut/Erth      ########     1%          4    None
e - Borgnjor's Vile Clut  Necr/Erth      ########..   1%          5    None
f - Passwall              Tmut/Erth      ########     0%          2    None
g - Shatter               Erth           #########.   8%          9    ###....
h - Iron Shot             Conj/Erth      ########..   1%          6    None

Your spell library contained the following spells:

 Spells                   Type           Power        Failure   Level  Hunger
 Animate Skeleton         Necr           N/A          1%          1    None
 Apportation              Tloc           ######       1%          1    None
 Beastly Appendage        Tmut           ######       1%          1    None
 Confusing Touch          Hex            ######       1%          1    None
 Corona                   Hex            ######.      1%          1    None
 Flame Tongue             Conj/Fire      #####        1%          1    None
 Freeze                   Ice            ####         1%          1    None
 Infusion                 Chrm           ####         1%          1    None
 Magic Dart               Conj           ####         1%          1    None
 Sting                    Conj/Pois      ####         1%          1    None
 Summon Butterflies       Summ           ######..     1%          1    None
 Summon Small Mammal      Summ           ####         1%          1    None
 Call Imp                 Summ           ######..     1%          2    None
 Corpse Rot               Necr           N/A          1%          2    None
 Ensorcelled Hibernation  Hex/Ice        ######       1%          2    None
 Poisonous Vapours        Pois/Air       ######       1%          2    None
 Searing Ray              Conj           ######       1%          2    None
 Shroud of Golubria       Chrm/Tloc      ######       1%          2    None
 Song of Slaying          Chrm           ######..     1%          2    None
 Sticks to Snakes         Tmut           ######..     1%          2    None
 Sublimation of Blood     Necr           ######....   1%          2    None
 Throw Flame              Conj/Fire      ######       1%          2    None
 Throw Frost              Conj/Ice       ######       1%          2    None
 Call Canine Familiar     Summ           ######..     1%          3    None
 Confuse                  Hex            ######..     1%          3    None
 Conjure Flame            Conj/Fire      ######..     1%          3    None
 Dazzling Spray           Conj/Hex       ######       1%          3    None
 Gell's Gravitas          Tloc           ######....   1%          3    None
 Ignite Poison            Fire/Tmut/Pois ######..     1%          3    None
 Inner Flame              Hex/Fire       ######..     1%          3    None
 Lesser Beckoning         Tloc           ######....   1%          3    None
 Mephitic Cloud           Conj/Pois/Air  ######..     1%          3    None
 Ozocubu's Armour         Chrm/Ice       ######..     1%          3    None
 Recall                   Summ/Tloc      N/A          1%          3    None
 Regeneration             Chrm/Necr      ######....   1%          3    None
 Spectral Weapon          Hex/Chrm       ######..     1%          3    None
 Spider Form              Tmut/Pois      ######....   1%          3    None
 Static Discharge         Conj/Air       ######..     1%          3    None
 Summon Guardian Golem    Hex/Summ       ######..     1%          3    None
 Tukima's Dance           Hex            ######..     1%          3    None
 Leda's Liquefaction      Hex/Erth       ########..   1%          4    None
 Bolt of Magma            Conj/Fire/Erth ########..   1%          5    None
 Statue Form              Tmut/Erth      ########.    1%          6    None
 Ice Form                 Ice/Tmut       ######..     3%          4    None
 Force Lance              Conj/Tloc      ######..     4%          4    None
 Fulminant Prism          Conj/Hex       ######....   4%          4    None
 Iskenderun's Mystic Bla  Conj           ######..     4%          4    None
 Olgreb's Toxic Radiance  Pois           ######..     4%          4    None
 Sticky Flame             Conj/Fire      ######..     4%          4    None
 Summon Ice Beast         Ice/Summ       ######..     4%          4    None
 Summon Lightning Spire   Summ/Air       ######..     4%          4    None
 Throw Icicle             Conj/Ice       ######..     4%          4    None
 Blade Hands              Tmut           ######....   8%          5    None
 Alistair's Intoxication  Tmut/Pois      ######..     10%         5    None
 Yara's Violent Unravell  Hex/Tmut       ######....   10%         5    None
 Agony                    Necr           ######..     12%         5    None
 Aura of Abjuration       Summ           ######....   12%         5    None
 Bolt of Draining         Conj/Necr      ######....   12%         5    None
 Dispel Undead            Necr           ######..     12%         5    None
 Excruciating Wounds      Chrm/Necr      ######....   12%         5    None
 Fireball                 Conj/Fire      ######....   12%         5    None
 Lightning Bolt           Conj/Air       ######....   12%         5    None
 Metabolic Englaciation   Hex/Ice        ######....   12%         5    None
 Silence                  Hex/Air        ######....   12%         5    None
 Summon Demon             Summ           ######....   12%         5    None
 Summon Forest            Summ/Tloc      ######....   12%         5    None
 Summon Mana Viper        Hex/Summ       ######..     12%         5    None
 Venom Bolt               Conj/Pois      ######....   12%         5    None
 Bolt of Cold             Conj/Ice       ######....   54%         6    None
 Conjure Ball Lightning   Conj/Air       ######....   54%         6    None
 Darkness                 Hex            ######....   54%         6    None
 Deflect Missiles         Chrm/Air       ######....   54%         6    None
 Freezing Cloud           Conj/Ice/Air   ######....   54%         6    None
 Invisibility             Hex            ######..     54%         6    None
 Ozocubu's Refrigeration  Ice            ######....   54%         6    None
 Shadow Creatures         Summ           N/A          54%         6    None
 Simulacrum               Ice/Necr       ######....   54%         6    None
 Summon Hydra             Summ           ######....   98%         7    None
 Tornado                  Air            ######....   100%        9    ###....


Dungeon Overview and Level Annotations

Branches:
Dungeon (15/15)            Temple (0/1) D:6            Lair (6/6) D:8
 Shoals (4/4) Lair:3       Spider (4/4) Lair:4        Slime (0/5) Lair:6
    Orc (2/2) D:9             Elf (3/3) Orc:2        Vaults (5/5) D:14
  Crypt (2/3) Vaults:2     Bailey (visited)           IceCv (visited)
Gauntlet (visited)
 Depths: D:15

Shops:
Orc:1 }   Orc:2 }}*(   Shoals:1 %   Vaults:1 (   Vaults:2 [   Vaults:3 [
Vaults:4 [*(:

Portals:
Trove: D:15 (give 8 potions of agility)

Annotations:
D:8 1 runed translucent door, LordRappington's ghost, novice MiGl
D:15 Agnes
Vaults:3 6 runed translucent doors


Innate Abilities, Weirdness & Mutations

You have an increased reservoir of magic. (+10% MP)


Message History

As you read the scroll of summoning, it crumbles to dust.
Wisps of shadow whirl around you...
The jiangshi claws you but does no damage.
You block the jiangshi's attack. The jiangshi claws you!
* * * LOW HITPOINT WARNING * * *
You block the jiangshi's attack. The jiangshi claws you!
* * * LOW HITPOINT WARNING * * *
The jiangshi draws strength from your injuries!
The jiangshi completely misses you.
You swap places.
The jiangshi claws you!
* * * LOW HITPOINT WARNING * * *
The jiangshi draws strength from your injuries!
The jiangshi claws you but does no damage.
Your shadow wraith hits the jiangshi.
Your vampire mage hits the jiangshi.
Your vampire mage bites the jiangshi!
Your death knight hits the vampire knight but does no damage.
The vampire knight hits your shadow wraith with a +0 great mace!
The vampire knight bites your shadow wraith!
The jiangshi claws you!
You die...

#...).#
###...#
#..)(#
#....#
#....#
###p.#
##V###
#WV.#
#.@V#
#<..#
#.###
#...#
##...#
#....#
#...##
#...#
##.##


You could see a vampire knight, a jiangshi, a friendly death knight, a friendly
vampire mage and a friendly shadow wraith (invisible).

Vanquished Creatures
  2 golden dragons (Vaults:5)
  The ghost of Fesusur the Peltast, an adept HuFi of the Shining One (Vaults:3)
  2 liches
  Jorgrun (Shoals:1)
  4 tentacled monstrosities (Vaults:5)
  Asterion (Elf:1)
  2 deep elf blademasters (Elf:3)
  A quicksilver dragon (Vaults:4)
  An ancient champion (Crypt:1)
  A deep elf master archer (Elf:3)
  2 sphinxes (Vaults:4)
  Gastronok (Lair:2)
  7 storm dragons
  4 shadow dragons (Vaults:5)
  5 tengu reavers (Vaults:5)
  Donald (Elf:3)
  4 revenants (Crypt:2)
  A fire giant (Vaults:3)
  6 deep elf sorcerers
  9 emperor scorpions
  4 frost giants
  2 ghouls (Crypt:1)
  5 ghost moths
  23 vault wardens
  7 deep elf elementalists
  Aizul (Spider:2)
  15 very ugly things
  20 ironheart preservers
  3 curse skulls
  A reaper (Crypt:2)
  2 war gargoyles (Vaults:5)
  Nessos (D:15)
  3 vampire knights
  8 entropy weavers
  14 stone giants
  5 deep elf demonologists
  7 deep elf annihilators (Elf:3)
  A minotaur (Gauntlet)
  Snorg (D:14)
  4 merfolk javelineers (Shoals:4)
  A mummy priest (Crypt:2)
  2 eidola
  A quicksilver dragon zombie (Crypt:1)
  2 crystal guardians
  5 ettins
  5 merfolk impalers
  4 jiangshi
  8 deep elf death magi (Elf:3)
  2 fire dragons
  6 deep elf high priests (Elf:3)
  A great orb of eyes (Vaults:3)
  Fannar (D:11)
  8 yaktaur captains
  2 rakshasas
  Harold (Orc:1)
  5 hydras
  33 vault guards
  4 merfolk avatars
  Erica (Orc:1)
  32 two-headed ogres
  2 satyrs
  9 centaur warriors
  5 death knights
  3 merfolk aquamancers (Shoals:4)
  A queen ant (Lair:4)
  A tengu warrior (D:13)
  An alligator snapping turtle (Shoals:4)
  A queen ant (shapeshifter) (D:14)
  4 vampire magi
  A deep troll earth mage (Vaults:3)
  28 dancing weapons
  13 ogre magi
  9 deep troll shamans
  Urug (Orc:1)
  An orc high priest (Orc:2)
  19 deep elf knights
  Sonja (Orc:1)
  2 soul eaters
  The ghost of nano the Prestidigitator, a journeyman SpAr of Hepliaklqana (Lair:1)
  17 skeletal warriors
  2 shadow wraiths
  5 flayed ghosts
  18 deep trolls
  An unseen horror (D:15)
  A death drake (shapeshifter) (Vaults:5)
  2 wizards
  23 sea snakes
  10 deep elf archers
  Pikel (D:7)
  An anaconda skeleton (Crypt:1)
  15 ironbrand convokers
  23 harpies
  A lindwurm (Lair:6)
  3 phantasmal warriors
  17 orc knights
  5 necromancers
  43 wolf spiders
  A wolf spider (shapeshifter) (Vaults:2)
  11 orb spiders
  11 manticores
  A stone giant zombie (Vaults:3)
  2 orc sorcerers
  5 oklob plants
  A salamander (shapeshifter) (D:15)
  29 ugly things
  49 deep elf magi
  6 fauns (Shoals:2)
  2 moths of wrath
  9 cyclopes
  A centaur zombie (D:10)
  A dire elephant zombie (Crypt:2)
  3 stone giant skeletons (Vaults:5)
  16 elephants
  5 ice statues (IceCv)
  2 water nymphs (Shoals:3)
  8 merfolk sirens
  5 black mambas
  Joseph (D:9)
  3 torpor snails
  16 vault sentinels
  12 spiny frogs
  Psyche (D:9)
  3 molten gargoyles (Lair:6)
  2 rime drakes
  A yaktaur zombie (D:15)
  An efreet (D:14)
  8 komodo dragons
  A white draconian zombie (Crypt:1)
  19 demonic crawlers
  16 freezing wraiths
  29 yaktaurs
  A tengu conjurer (D:14)
  A troll (shapeshifter) (D:14)
  An anaconda simulacrum (IceCv)
  3 meliai (D:13)
  2 polar bears
  14 trolls
  2 hydra zombies
  24 merfolk
  42 jumping spiders
  A tyrant leech (Gauntlet)
  12 hornets
  10 wind drakes
  8 hippogriffs
  Grinder (D:4)
  13 slime creatures
  A raiju (shapeshifter) (Vaults:2)
  13 blink frogs
  3 dream sheep (Shoals:3)
  An ettin zombie (D:15)
  A hippogriff (shapeshifter) (D:9)
  3 human simulacra
  7 snapping turtles
  28 tarantellas
  A spriggan (shapeshifter) (Elf:3)
  An ettin skeleton (Vaults:3)
  9 shadows
  5 wyverns
  3 air elementals
  95 redbacks
  44 yaks
  A tyrant leech zombie (Crypt:1)
  5 wraiths
  6 basilisks
  3 water elementals
  A dire elephant simulacrum (IceCv)
  3 fire elementals
  A hog (shapeshifter) (Vaults:5)
  2 hungry ghosts
  6 wargs
  A steam dragon (Lair:6)
  10 vampire mosquitoes
  Menkaure (D:5)
  An emperor scorpion simulacrum (Crypt:1)
  An iron troll simulacrum (IceCv)
  21 soldier ants
  13 water moccasins
  A swamp worm (shapeshifter) (Vaults:5)
  2 swamp worms (Gauntlet)
  A deep troll zombie (Vaults:4)
  7 hell hounds
  An acid dragon (D:14)
  4 hydra simulacra (IceCv)
  A floating eye (shapeshifter) (Elf:2)
  5 porcupines
  6 ice beasts (IceCv)
  5 sky beasts
  2 black bears
  43 orc warriors
  An ice beast (shapeshifter) (Vaults:5)
  2 human zombies (Vaults:4)
  A phantom (D:9)
  6 wolves
  An elf zombie (Vaults:4)
  3 necrophages
  2 ettin simulacra (IceCv)
  7 boggarts
  An ogre (shapeshifter) (Elf:1)
  39 ogres
  A tengu (shapeshifter) (Elf:2)
  A wolf (shapeshifter) (Vaults:5)
  A snapping turtle skeleton (Crypt:1)
  7 crocodiles
  15 centaurs
  A blink frog skeleton (Crypt:2)
  A big kobold (D:12)
  13 bullfrogs
  A bullfrog (shapeshifter) (Vaults:2)
  A wyvern zombie (D:12)
  2 draconian skeletons
  Blork the orc (D:6)
  2 earth elementals
  3 human skeletons (Vaults:3)
  A monstrous demonspawn simulacrum (Crypt:1)
  A cyclops skeleton (Crypt:2)
  6 scorpions
  15 killer bees
  A raiju zombie (Crypt:2)
  A raiju skeleton (Crypt:1)
  10 wights
  4 electric eels (D:8)
  4 lava snakes (Lair:6)
  6 small abominations (Gauntlet)
  A bullfrog zombie (D:8)
  3 crimson imps
  4 jellies
  2 quasits
  6 centaur skeletons
  7 hounds
  A bullfrog skeleton (D:9)
  19 orc priests
  24 orc wizards
  A basilisk skeleton (Crypt:1)
  5 iguanas
  22 worker ants
  Ijyb (D:4)
  An iguana (shapeshifter) (Vaults:2)
  A porcupine skeleton (Crypt:2)
  A killer bee zombie (D:5)
  A dwarf zombie (Crypt:1)
  A hound skeleton (D:6)
  18 adders
  3 gnolls (D:5)
  A swamp drake skeleton (Crypt:1)
  5 shadow imps
  2 oozes
  4 adder skeletons
  3 adder zombies
  A worm (D:2)
  3 dart slugs
  10 leopard geckos
  103 orcs
  3 ball pythons
  9 giant cockroaches
  13 goblins
  11 hobgoblins
  8 jackals
  5 quokkas
  8 bats
  4 frilled lizards
  7 kobolds
  2 leopard gecko zombies (D:8)
  2 quokka zombies
  7 rats
  A rat zombie (Crypt:1)
  A crawling corpse (Elf:3)
  9 plants
1889 creatures vanquished.

Vanquished Creatures (collateral kills)
  An ironheart preserver (Vaults:5)
  A vault guard (Vaults:5)
  3 two-headed ogres (Orc:2)
  4 wolf spiders (Spider:2)
  A demonic crawler (Spider:2)
  3 jumping spiders (Spider:2)
  2 trolls (Orc:2)
  2 tarantellas (Spider:2)
  2 redbacks (Spider:2)
  An orc warrior (Orc:2)
  6 ogres (Orc:2)
  6 orcs (Orc:2)
32 creatures vanquished.

Vanquished Creatures (others)
  A storm dragon (Vaults:5)
  An adder zombie (D:7)
  A crawling corpse (Elf:3)
  3 fungi (Lair:4)
  9 plants
  3 withered plants (D:15)
18 creatures vanquished.

Grand Total: 1939 creatures vanquished

Notes
Turn   | Place    | Note
-------+----------+-------------------------------------------
     0 | D:1      | Johnny the Demigod Earth Elementalist began the quest for
                  | the Orb.
     0 | D:1      | Reached XP level 1. HP: 14/14 MP: 5/5
   282 | D:1      | Reached XP level 2. HP: 19/22 MP: 4/7
   356 | D:1      | Reached skill level 3 in Earth Magic
   588 | D:1      | Reached skill level 1 in Fighting
  1420 | D:2      | Reached XP level 3. HP: 28/28 MP: 6/9
  1884 | D:2      | Found a shimmering altar of Xom.
  2008 | D:2      | Reached XP level 4. HP: 33/36 MP: 5/10
  2500 | D:3      | Noticed a boggart
  2500 | D:3      | a killer bee changed into a boggart
  3068 | D:3      | Killed a boggart
  3068 | D:3      | Reached skill level 1 in Shields
  3068 | D:3      | Reached XP level 5. HP: 42/42 MP: 9/12
  3164 | D:3      | Reached skill level 4 in Earth Magic
  3736 | D:4      | Noticed Grinder
  3752 | D:4      | Killed Grinder
  3752 | D:4      | Reached XP level 6. HP: 35/51 MP: 4/14
  3924 | D:4      | Noticed Ijyb
  3927 | D:4      | Killed Ijyb
  4077 | D:4      | Reached XP level 7. HP: 50/57 MP: 13/16
  4409 | D:5      | Entered Level 5 of the Dungeon
  4568 | D:5      | Noticed Menkaure
  4570 | D:5      | Killed Menkaure
  4668 | D:5      | Reached skill level 5 in Earth Magic
  4869 | D:5      | Found a white marble altar of Elyvilon.
  4876 | D:5      | Found a glowing golden altar of the Shining One.
  4962 | D:5      | Got a smoking quarterstaff
  5337 | D:6      | Reached XP level 8. HP: 59/67 MP: 15/18
  5452 | D:6      | Noticed Blork the orc
  5460 | D:6      | Killed Blork the orc
  5461 | D:6      | Identified the cursed +2 quarterstaff of Qojo {crush, +Fly
                  | rF- rN+++ Str+6} (You found it on level 5 of the Dungeon)
  5468 | D:6      | Learned a level 3 spell: Stone Arrow
  5474 | D:6      | Learned a level 5 spell: Lee's Rapid Deconstruction
  5479 | D:6      | Learned a level 4 spell: Petrify
  5482 | D:6      | Found a shimmering blue altar of Sif Muna.
  5713 | D:6      | Found a staircase to the Ecumenical Temple.
  6061 | D:7      | Reached skill level 5 in Spellcasting
  6084 | D:7      | Reached skill level 5 in Fighting
  6397 | D:7      | Noticed Pikel
  6416 | D:7      | Killed Pikel
  6416 | D:7      | Reached skill level 6 in Earth Magic
  6801 | D:6      | Noticed Edmund
  6803 | D:6      | Noticed Edmund
  6803 | D:6      | Edmund changed into Edmund the wyvern
  6808 | D:6      | Killed Edmund the wyvern
  6808 | D:6      | Reached skill level 5 in Shields
  6808 | D:6      | Reached XP level 9. HP: 39/74 MP: 15/21
  7768 | D:5      | Noticed a rust devil
  7768 | D:5      | Noticed a rust devil
  7769 | D:5      | Found the +8 mithril axe "Arga" {speed, MR+}
  8005 | D:8      | Found a staircase to the Lair.
  8008 | D:8      | HP: 3/75 [electric eel/bolt of electricity (15)]
  8065 | D:8      | Found a flagged portal.
  8168 | Bailey   | Entered a bailey
  8245 | Bailey   | Reached skill level 7 in Earth Magic
  9551 | Bailey   | Noticed an orc knight
  9737 | Bailey   | Killed an orc knight
 10018 | D:8      | Reached XP level 10. HP: 81/84 MP: 18/23
 10369 | D:8      | Found an ancient bone altar of Kikubaaqudgha.
 11419 | D:8      | Found a runed translucent door.
 11420 | D:8      | Noticed LordRappington's ghost (novice MiGl)
 11516 | D:8      | Identified a scroll of acquirement
 11519 | D:8      | Got a twisted helmet
 11525 | D:8      | Identified the +2 helmet "Bixacro" {*Drain rElec Slay+5
                  | Stlth+} (You acquired it on level 8 of the Dungeon)
 11597 | D:9      | Found a staircase to the Orcish Mines.
 11644 | D:9      | Noticed Psyche
 11660 | D:9      | Reached skill level 8 in Earth Magic
 11665 | D:9      | Killed Psyche
 11999 | D:9      | Noticed Joseph
 12004 | D:9      | Killed Joseph
 12388 | D:9      | Found a roughly hewn altar of Beogh.
 12793 | D:10     | Entered Level 10 of the Dungeon
 12793 | D:10     | Noticed a two-headed ogre
 12796 | D:10     | Killed a two-headed ogre
 13164 | D:10     | Reached XP level 11. HP: 97/97 MP: 26/26
 13169 | D:10     | Found a white marble altar of Elyvilon.
 13969 | D:11     | Noticed Fannar
 14007 | D:11     | Killed Fannar
 14007 | D:11     | Reached skill level 9 in Earth Magic
 14258 | D:11     | Reached skill level 10 in Fighting
 14568 | D:11     | Found an opulent altar of Gozag.
 15155 | D:12     | Noticed a five-headed hydra
 15159 | D:12     | Killed a five-headed hydra
 15256 | D:12     | Noticed a two-headed ogre
 15268 | D:12     | Killed a two-headed ogre
 15878 | D:13     | Found a gate leading to a gauntlet.
 15887 | Gauntlet | Entered a Gauntlet
 15887 | Gauntlet | Found a transporter.
 15887 | Gauntlet | Found a transporter.
 15913 | Gauntlet | Found a transporter.
 15913 | Gauntlet | Found a transporter.
 15922 | Gauntlet | Found a transporter.
 15940 | Gauntlet | Noticed a large abomination
 15941 | Gauntlet | Noticed a large abomination
 15943 | Gauntlet | Found a transporter.
 15951 | Gauntlet | Found a transporter.
 15951 | Gauntlet | Found a transporter.
 15951 | Gauntlet | Noticed a dire elephant
 15952 | Gauntlet | Noticed a large abomination
 15955 | Gauntlet | Found a transporter.
 15982 | Gauntlet | Found a transporter.
 15989 | Gauntlet | Found a transporter.
 16007 | Gauntlet | Found a transporter.
 16053 | Gauntlet | Found a transporter.
 16071 | Gauntlet | Found a transporter.
 16080 | Gauntlet | Noticed a death scarab
 16081 | Gauntlet | Noticed a death scarab
 16172 | Gauntlet | Found a transporter.
 16185 | Gauntlet | Noticed a reaper
 16186 | Gauntlet | Found a transporter.
 16313 | Gauntlet | Got a distressingly furry hat
 16593 | Gauntlet | Got a pair of crude boots
 16606 | Gauntlet | Identified the +0 pair of boots "Seatz" {Stlth+} (You found
                  | it in a Gauntlet)
 16696 | Gauntlet | Got a pair of distressingly furry gloves
 16708 | Gauntlet | Identified the +2 pair of gloves of Yrphy {Dex+4} (You
                  | found it in a Gauntlet)
 16751 | Gauntlet | Noticed a minotaur
 16776 | Gauntlet | Killed a minotaur
 16776 | Gauntlet | Reached XP level 12. HP: 42/110 MP: 1/29
 16928 | Gauntlet | Identified the Catalogue of Supportive Poison
 17048 | D:13     | Reached skill level 10 in Earth Magic
 17111 | D:13     | Noticed a centaur warrior
 17129 | D:13     | Killed a centaur warrior
 17414 | D:13     | Identified the Papyrus of Unstable Attacks (You acquired it
                  | on level 13 of the Dungeon)
 17849 | D:14     | Noticed Snorg
 18386 | D:14     | Found a gate to the Vaults.
 18480 | D:14     | Reached skill level 10 in Shields
 18540 | D:14     | Noticed a centaur warrior
 18547 | D:14     | Killed a centaur warrior
 18804 | D:14     | Killed Snorg
 18817 | D:14     | Reached skill level 10 in Spellcasting
 18843 | D:15     | Entered Level 15 of the Dungeon
 18988 | D:14     | Reached XP level 13. HP: 122/122 MP: 20/31
 19015 | D:14     | Reached skill level 11 in Earth Magic
 19812 | D:14     | Found a blossoming altar of Fedhas.
 19868 | D:14     | Identified the cursed -4 hat "Bizxuoso" {+Inv rF+ Int-4}
                  | (You found it in a Gauntlet)
 20196 | D:15     | Noticed Agnes
 20363 | D:15     | Found a portal to a secret trove of treasure.
 20555 | D:15     | Noticed Nessos
 20571 | D:15     | Killed Nessos
 21652 | Lair:1   | Entered Level 1 of the Lair of Beasts
 21836 | Lair:1   | Found a runed translucent door.
 21849 | Lair:1   | Noticed nano's ghost (journeyman SpAr)
 21859 | Lair:1   | Killed nano's ghost
 23210 | Lair:2   | Noticed Gastronok
 23231 | Lair:2   | Killed Gastronok
 23452 | Lair:3   | Reached skill level 12 in Earth Magic
 23463 | Lair:3   | Reached XP level 14. HP: 95/130 MP: 2/33
 23718 | Lair:3   | You fall into a shaft and drop 1 floor!
 23779 | Lair:3   | Found a staircase to the Shoals.
 26372 | Lair:4   | Found a hole to the Spider Nest.
 27265 | Lair:6   | Entered Level 6 of the Lair of Beasts
 28079 | Lair:6   | Found a viscous altar of Jiyva.
 28080 | Lair:6   | Found a staircase to the Slime Pits.
 28623 | Lair:6   | Found a large runed translucent door.
 28842 | Lair:6   | Found a large runed translucent door.
 29504 | Orc:1    | Entered Level 1 of the Orcish Mines
 29504 | Orc:1    | Noticed Urug
 29530 | Orc:1    | Killed Urug
 29732 | Orc:1    | Found Afeageza's Gadget Emporium.
 29810 | Orc:1    | Noticed Erica
 29811 | Orc:1    | Noticed Sonja
 29811 | Orc:1    | Noticed Harold
 29821 | Orc:1    | Killed Sonja
 29822 | Orc:1    | Killed Erica
 29833 | Orc:1    | Killed Harold
 29833 | Orc:1    | Reached skill level 13 in Earth Magic
 29833 | Orc:1    | Reached XP level 15. HP: 100/139 MP: 4/36
 30076 | Orc:2    | Entered Level 2 of the Orcish Mines
 30286 | Orc:2    | Found a staircase to the Elven Halls.
 30349 | Orc:2    | Found a roughly hewn altar of Beogh.
 30622 | Orc:2    | Found Gaatoi's Gadget Shop.
 30623 | Orc:2    | Found Natauh's Gadget Boutique.
 30635 | Orc:2    | Reached skill level 15 in Fighting
 30696 | Orc:2    | Found Zoanerr's General Store.
 30703 | Orc:2    | Found Ycioleb's Antique Weapon Shop.
 31158 | Orc:2    | Bought a scroll of enchant armour for 112 gold pieces
 31158 | Orc:2    | Bought a scroll of teleportation for 45 gold pieces
 31158 | Orc:2    | Bought a scroll of identify for 30 gold pieces
 31158 | Orc:2    | Bought 22 stones for 33 gold pieces
 31289 | Elf:1    | Entered Level 1 of the Elven Halls
 31800 | Elf:1    | Got a heavily runed pewter amulet
 31802 | Elf:1    | Identified the amulet of Xeuxeul {rElec Regen+} (You found
                  | it on level 1 of the Elven Halls)
 32241 | Elf:1    | Identified the cursed -1 shield of Siqiopt {Int+4}
 32241 | Elf:1    | Noticed Asterion
 32334 | Elf:1    | Killed Asterion
 33513 | Elf:2    | Learned a level 5 spell: Borgnjor's Vile Clutch
 33672 | Elf:2    | Paralysed by a floating eye for 3 turns
 33676 | Elf:2    | Reached XP level 16. HP: 126/149 MP: 27/38
 33684 | Elf:2    | Reached skill level 14 in Earth Magic
 34035 | Elf:2    | Found a huge runed translucent gate.
 34037 | Elf:2    | Found a huge runed translucent gate.
 34037 | Elf:2    | Found a huge runed translucent gate.
 34038 | Elf:2    | Found a huge runed translucent gate.
 34038 | Elf:2    | Found a huge runed translucent gate.
 35189 | Elf:3    | Entered Level 3 of the Elven Halls
 35512 | Elf:3    | Noticed Donald
 35521 | Elf:3    | Killed Donald
 35962 | Elf:3    | Noticed a deep elf blademaster
 35970 | Elf:3    | Killed a deep elf blademaster
 36308 | Elf:3    | Noticed a deep elf master archer
 36571 | Elf:3    | Killed a deep elf master archer
 36638 | Elf:3    | Identified the +9 halberd "Dairiynta" {venom, rN+}
 36745 | Elf:3    | Reached XP level 17. HP: 159/159 MP: 40/40
 36756 | Elf:3    | Identified the cursed +1 spear "Loqaem" {speed, rN+ Str-2
                  | Int+4 Dex+2}
 36777 | Elf:3    | Identified the ring of Xucwemad {Fire rN+ Int+4 Stlth+}
 37188 | Elf:3    | Got a translucent hand axe
 37246 | Elf:3    | Noticed a deep elf blademaster
 37250 | Elf:3    | Killed a deep elf blademaster
 37525 | Shoals:1 | Entered Level 1 of the Shoals
 37537 | Shoals:1 | Reached skill level 15 in Earth Magic
 37552 | Shoals:1 | Found Ylaekhun's Food Boutique.
 37958 | Shoals:1 | Noticed Jorgrun
 37962 | Shoals:1 | Killed Jorgrun
 39394 | Shoals:2 | Identified the cursed +0 hand axe of the Other Side {chop,
                  | Dex+7 Stlth-} (You found it on level 3 of the Elven Halls)
 39898 | Shoals:3 | Reached skill level 15 in Shields
 40682 | Shoals:4 | Entered Level 4 of the Shoals
 40940 | Shoals:4 | Got a smoking hunting sling
 41176 | Shoals:4 | Got a barnacled rune of Zot
 42234 | Spider:1 | Entered Level 1 of the Spider Nest
 42309 | Spider:1 | Reached XP level 18. HP: 169/169 MP: 42/42
 42918 | Spider:1 | Identified the cursed +0 hunting sling of Armageddon
                  | {speed, MR++} (You found it on level 4 of the Shoals)
 42929 | Spider:1 | Identified the Compendium of the Flying Compass
 43654 | Spider:2 | Reached skill level 16 in Earth Magic
 43752 | Spider:2 | Found a frozen archway.
 43756 | IceCv    | Entered an ice cave
 44905 | Spider:2 | Found a transporter.
 45014 | Spider:2 | Found a transporter.
 45369 | Spider:2 | Got a vibrating copper amulet
 45546 | Spider:2 | Noticed Aizul
 45551 | Spider:2 | Killed Aizul
 45730 | Spider:2 | Reached skill level 15 in Spellcasting
 45940 | Spider:2 | Got a clouded platinum ring
 45948 | Spider:2 | Got a coiled silver amulet
 45958 | Spider:2 | Identified the ring "Zaneojaf" {MP+9 Int+2} (You found it
                  | on level 2 of the Spider Nest)
 47512 | Spider:4 | Entered Level 4 of the Spider Nest
 48630 | Spider:4 | Reached XP level 19. HP: 170/179 MP: 35/44
 49351 | Spider:4 | Got a gossamer rune of Zot
 50518 | Vaults:1 | Entered Level 1 of the Vaults
 50747 | Vaults:1 | Found Ufops's Antique Weapon Shop.
 50851 | Vaults:1 | Reached skill level 17 in Earth Magic
 50961 | Vaults:1 | Identified the amulet "Nyesia" {Reflect rC++ SH+2 Stlth+}
                  | (You found it on level 2 of the Spider Nest)
 52784 | Vaults:1 | Learned a level 2 spell: Passwall
 52793 | Vaults:1 | Identified the amulet "Luaddec" {Faith rPois MP+9 Dex+3}
                  | (You found it on level 2 of the Spider Nest)
 54001 | Vaults:2 | Found a staircase to the Crypt.
 54140 | Vaults:2 | Found Muack's Antique Armour Shop.
 54706 | Vaults:2 | Reached XP level 20. HP: 145/189 MP: 26/46
 55086 | Vaults:2 | Got a jade-studded chain mail
 56125 | Vaults:3 | Found Woemitz's Armour Shoppe.
 56130 | Vaults:3 | Reached skill level 18 in Earth Magic
 56595 | Vaults:3 | Found a large runed translucent door.
 56596 | Vaults:3 | Found a large runed translucent door.
 56596 | Vaults:3 | Found a large runed translucent door.
 56597 | Vaults:3 | Found a large runed translucent door.
 56597 | Vaults:3 | Noticed Fesusur's ghost (adept HuFi)
 56598 | Vaults:3 | Found a large runed translucent door.
 56598 | Vaults:3 | Found a large runed translucent door.
 56598 | Vaults:3 | Found a large runed translucent door.
 56598 | Vaults:3 | Found a large runed translucent door.
 56598 | Vaults:3 | Identified the +4 mace of Duty {flame, MP+9}
 57246 | Vaults:3 | Killed Fesusur's ghost
 57552 | Vaults:4 | Found Hiecs's Assorted Antiques.
 57581 | Vaults:4 | Bought a scroll of teleportation for 105 gold pieces
 57581 | Vaults:4 | Bought a scroll of identify for 70 gold pieces
 57581 | Vaults:4 | Bought a scroll of enchant armour for 262 gold pieces
 57581 | Vaults:4 | Bought a scroll of magic mapping for 122 gold pieces
 57581 | Vaults:4 | Bought a wand of digging (2) for 280 gold pieces
 57581 | Vaults:4 | Bought a potion of brilliance for 140 gold pieces
 57581 | Vaults:4 | Bought a scroll of identify for 70 gold pieces
 57591 | Vaults:4 | Identified the cursed +0 chain mail of Boredom {rF+ rN+}
                  | (You found it on level 2 of the Vaults)
 57623 | Vaults:4 | Found Kacel's Armour Shop.
 58549 | Vaults:4 | Found Vail's Book Shop.
 58556 | Vaults:4 | Bought a book of the Earth for 1365 gold pieces
 58566 | Vaults:4 | Learned a level 9 spell: Shatter
 58573 | Vaults:4 | Learned a level 6 spell: Iron Shot
 58747 | Vaults:4 | Found Enathoa's Weapon Shop.
 58755 | Vaults:4 | Bought 17 stones for 34 gold pieces
 59263 | Vaults:4 | Identified the +4 ring mail of Shadows and Fog {+Inv rElec}
 60113 | Vaults:5 | Entered Level 5 of the Vaults
 60121 | Vaults:5 | Reached XP level 21. HP: 185/199 MP: 47/48
 60121 | Vaults:5 | Reached skill level 19 in Earth Magic
 60134 | Vaults:4 | HP: 7/199 [quicksilver dragon/bolt of dispelling energy
                  | (32)]
 60470 | Vaults:5 | HP: 7/199 [freezing wraith (10)]
 60479 | Vaults:5 | Noticed a golden dragon
 60767 | Vaults:5 | Killed a golden dragon
 60793 | Vaults:5 | Noticed a golden dragon
 60810 | Vaults:5 | Killed a golden dragon
 60810 | Vaults:5 | Reached skill level 20 in Earth Magic
 61030 | Vaults:5 | Got a polished buckler
 61058 | Vaults:5 | Identified the cursed +0 buckler of Seqatuv {rElec rC+}
                  | (You found it on level 5 of the Vaults)
 61071 | Vaults:5 | Identified the +10 longbow "Mevig" {velocity, MR+ Str+4}
 61139 | Vaults:5 | Identified the +6 demon trident of Proximity {pain, MR+
                  | Str+4 Int-2 SInv}
 61694 | Vaults:5 | Identified the +6 falchion of Division {slice, rN+}
 61714 | Vaults:5 | Reached XP level 22. HP: 115/206 MP: 31/51
 62727 | Vaults:5 | Got a silver rune of Zot
 62867 | Vaults:5 | Got a warped cloak
 62879 | Vaults:5 | Identified the +0 cloak of Faonoghesy {+Fly rN++ rCorr
                  | Dex-3} (You found it on level 5 of the Vaults)
 63000 | Crypt:1  | Entered Level 1 of the Crypt
 64735 | Crypt:2  | Reached skill level 21 in Earth Magic
 64946 | Crypt:2  | HP: 5/206 [jiangshi (9)]
 64946 | Crypt:2  | Mangled by a jiangshi

Levels and vault maps discovered:
D:1:      dpeg_arrival_pond, layout_basic, serial_forest,
          infiniplex_forest_corner_2, infiniplex_forest_end_double,
          infiniplex_forest_lined_ring, infiniplex_forest_clump_small,
          infiniplex_forest_lined_room_2, infiniplex_forest_straight_2
D:2:      layout_basic, lemuel_round_altar
D:3:      layout_loops_corners, serial_rivers, chequers_serial_rivers_large_b,
          chequers_serial_rivers_micro_e, chequers_serial_rivers_small_3,
          chequers_serial_rivers_micro_c, chequers_serial_rivers_room_a,
          chequers_serial_rivers_micro_a, minivault_25
D:4:      kennysheep_the_goblin_king, layout_basic, first_ration, uniq_ijyb,
          uniq_grinder
D:5:      cheibrodos_iron_armory, layout_basic, amethyst_overflow_temple_binary,
          uniq_menkaure
D:6:      layout_loops_ring, minmay_temple_entry_enclosed_plants, tgw_sif,
          uniq_blork_the_orc, uniq_edmund
D:7:      layout_basic, uniq_pikel
D:8:      layout_cave_pools, nicolae_overflow_hidden_temple, erik_lair_island,
          serial_column_ruins, column_ruins_open_tiny, column_ruins_grid_1,
          column_ruins_columns_straight, column_ruins_open_small,
          enter_bailey_8, ebering_ghost_inner_flame, basic_altar
D:9:      layout_cave_pods, minmay_orc_entry_temple_small, small_statue_alley_b,
          uniq_joseph, uniq_psyche
D:10:     layout_long_grid, basic_altar
D:11:     layout_stronghold, basic_altar, uniq_fannar
D:12:     layout_basic
D:13:     layout_basic, gauntlet_entry_generic
D:14:     minmay_swirls_squares, layout_basic, lemuel_tele_altar, uniq_snorg
D:15:     gammafunk_depths_entry_grave, layout_stronghold, hex_tiny,
          enter_trove_2, uniq_agnes, uniq_nessos
Lair:1:   layout_gridlike, gammafunk_ghost_grave
Lair:2:   layout_small_grid, uniq_gastronok
Lair:3:   layout_gridlike, shoals_dummy_entry, minmay_lair_oklob_chamber
Lair:4:   layout_loops_ring, dummy_spider_entry, cheibrodos_lair_caveside_slide,
          zaba_antful_of_joy, grunt_megastairs_4
Lair:5:   dpeg_oklob_gauntlet, layout_regular_city
Lair:6:   cheibrodos_lair_end_hotspot, layout_hall_layers,
          dpeg_slime_entry_enclosed_altar, chequers_serial_rivers_marsh
Shoals:1: layout_shoals, serial_shops, shop, uniq_jorgrun
Shoals:2: cheibrodos_shoals_oceanic_diplomacy, layout_shoals
Shoals:3: layout_shoals, nicolae_shoals_circle_sea_wall,
          nicolae_shoals_square_sea_wall
Shoals:4: shoals_end_simple, layout_shoals
Spider:1: layout_spider_delve, nicolae_crawler_farm
Spider:2: gammafunk_its_a_trap, portal_ice_cave_entry_pillars_four, uniq_aizul
Spider:3: spiders_nest_scorpion_pit
Spider:4: grunt_spider_rune_circles
Orc:1:    layout_caves, serial_shops, shop, nicolae_orc_crystal_geode,
          uniq_sonja, uniq_erica, uniq_harold, uniq_urug
Orc:2:    st_orc_open, layout_caves, basic_altar, enter_volcano_3
Elf:1:    layout_loops_corners, hangedman_elven_crosses_minicolossus,
          uniq_asterion
Elf:2:    layout_geoelf_diagonals
Elf:3:    minmay_elf_hall_spiked, layout_onion_city,
          serial_sigils_hangedman_carve, uniq_donald
Vaults:1: nicolae_vaults_little_squares_6, vaults_dpeg_spiral, v_pattern_3,
          vaults_standard_mumra_x, nicolae_vaults_sealed_display,
          ontoclasm_vaults_twist, grunt_vaults_twisty, v_misc_26,
          hangedman_vaults_pinch, vaults_room_grid, layout_vaults_ring,
          serial_shops, shop
Vaults:2: vaults_mumra_chevron, minmay_crypt_entry_simple_corners,
          vaults_room_pools, hangedman_vaults_corner_blocks, v_alt_pattern_2,
          v_misc_11, nicolae_vaults_little_squares_3,
          nicolae_vaults_mini_display_case, nicolae_vaults_network_s, v_misc_28,
          vaults_room_stairs_pillars, vaults_standard_mumra_enter_the_diamond,
          v_alt_pattern_1, layout_vaults_omnicross, serial_shops, shop
Vaults:3: advil_vaults_ghost_lines, nicolae_vaults_little_squares_1,
          vaults_room_stairs_pillars, ontoclasm_vaults_spin, st_cells,
          nicolae_vaults_little_squares_1, grunt_vaults_bifocal,
          vaults_room_hallway, layout_vaults_omnigrid, serial_shops, shop
Vaults:4: vaults_room_door_hall, nicolae_vaults_little_squares_1,
          nicolae_vaults_big_ls, v_rooms_3, hangedman_vaults_hat,
          vaults_room_pools, nicolae_vaults_little_squares_4,
          layout_vaults_chaotic_city, serial_shops, shop, shop_fountains,
          nicolae_shop_crystal, shop_fountains
Vaults:5: serial_shops
Crypt:1:  layout_gridlike, grunt_megastairs_3
Crypt:2:  lemuel_vampire_tower, layout_misc_corridors, special_room
          [special_room_morgue], feat_on_display

Skill      XL: |  1  2  3  4  5  6  7  8  9 10 11 12 13 14 15 16 17 18 19 20 21 22 |
---------------+-------------------------------------------------------------------+-----
Spellcasting   | 2 3 4 5 6 7 9 10 11 12 13 14 15 16 17 18 19 | 19.5
Earth Magic    | 3 4 5 6 7 8 9 10 12 13 14 15 16 17 18 20 21 | 21.0
Fighting       | 1 2 3 4 5 6 9 11 13 14 15 16 17 18 19 | 19.5
Shields        | 1 2 3 5 6 7 9 10 11 12 13 14 15 16 | 16.0
Dodging        | |  1.7
Stealth        | |  1.7
Transmutations | |  0.8

Action                   |  1- 3 |  4- 6 |  7- 9 | 10-12 | 13-15 | 16-18 | 19-21 | 22-24 || total
-------------------------+-------+-------+-------+-------+-------+-------+-------+-------++-------
Melee: Unarmed           |    49 |    18 |       |       |       |       |       |       ||    67
       Short sword       |       |    59 |    73 |       |       |       |       |       ||   132
       Dagger            |       |       |   212 |   628 |  1178 |    48 |       |       ||  2066
       Scimitar          |       |       |       |    33 |       |       |       |       ||    33
       Staff             |       |       |       |       |       |    26 |    53 |     5 ||    84
Throw: Stone             |       |       |       |     1 |     5 |    10 |       |     1 ||    17
 Cast: Sandblast         |    66 |    61 |   126 |   121 |   132 |   281 |   157 |     6 ||   950
       Stone Arrow       |       |       |     7 |    20 |    39 |    81 |    91 |       ||   238
       Lee's Rapid Decon |       |       |    37 |    82 |   210 |   366 |   423 |   116 ||  1234
       Petrify           |       |       |     9 |    24 |    29 |     6 |    26 |     2 ||    96
       Borgnjor's Vile C |       |       |       |       |     3 |   114 |     4 |       ||   121
       Passwall          |       |       |       |       |       |       |     2 |       ||     2
       Iron Shot         |       |       |       |       |       |       |     6 |    23 ||    29
       Shatter           |       |       |       |       |       |       |    13 |       ||    13
Evoke: Wand              |       |     4 |    10 |    22 |    28 |    24 |     6 |       ||    94
       Sack of spiders   |       |       |       |       |       |     8 |     2 |       ||    10
       Lightning rod     |       |       |       |       |       |     6 |     7 |       ||    13
       Box of beasts     |       |       |       |       |       |     5 |     3 |       ||     8
       Phial of floods   |       |       |       |       |       |     2 |     3 |       ||     5
  Use: Scroll            |       |     6 |     8 |    18 |    19 |    20 |    23 |     5 ||    99
       Potion            |       |       |     1 |     9 |    10 |    14 |    32 |     1 ||    67
 Stab: Sleeping          |     2 |     6 |     7 |    23 |    25 |     3 |       |       ||    66
       Distracted        |       |     1 |     1 |     3 |     5 |       |     1 |       ||    11
       Petrified         |       |       |    27 |    24 |    36 |       |       |       ||    87
       Paralysed         |       |       |       |     8 |     4 |       |       |       ||    12
       Petrifying        |       |       |       |     1 |     1 |       |       |       ||     2
       Invisible         |       |       |       |       |     5 |       |       |       ||     5
  Eat: Chunk             |     3 |     7 |    10 |    25 |    38 |    13 |    22 |       ||   118
       Ration            |       |       |     6 |     6 |     8 |    11 |     6 |     1 ||    38
Armor: Robe              |    26 |    35 |    61 |   138 |     3 |   165 |    81 |    11 ||   520
       Skin              |       |       |       |    40 |   111 |     8 |       |       ||   159
       Troll leather arm |       |       |       |   111 |   482 |       |       |       ||   593
Dodge: Dodged            |    69 |    78 |   180 |   413 |   689 |   200 |   136 |    18 ||  1783
Block: Buckler           |       |     4 |    77 |   264 |   613 |       |       |       ||   958
       Shield            |       |       |       |       |    22 |   325 |   253 |    37 ||   637
       Rpst.: Scimitar   |       |       |       |    10 |       |       |       |       ||    10
